 Dungeon Crawl Stone Soup version 0.15-a0-2388-g9f833ab (webtiles) character file.

1295 PolkaDot the Jinx (level 8, 0/52 HPs)
             Began as a Vampire Enchanter on Aug 2, 2014.
             Was a Follower of Kikubaaqudgha.
             Splashed by a jelly's acid (13 damage)
             ... on Level 6 of the Dungeon.
             The game lasted 00:12:53 (4622 turns).

PolkaDot the Jinx (Vampire Enchanter)               Turns: 4622, Time: 00:12:53

HP   0/52        AC -2     Str  7      XL: 8   Next: 30%
MP   6/13        EV 12     Int 21      God: Kikubaaqudgha [*.....]
Gold 285         SH  0     Dex 14      Spells:  4 memorised,  2 levels left

rFire  . . .     SeeInvis +     m - +1 short sword (vamp)
rCold  + + .     Clarity  +     b - +1 robe
rNeg   + + +     rCorr    .     (no shield)
rPois  +         rRot     +     (no helmet)
rElec  +         Spirit   .     (no cloak)
SustAb .         Warding  .     (no gloves)
rMut   .         Stasis   .     (no boots)
Gourm  .                        u - amulet "Bipeikh" {Clar rElec}
MR     .....                    (no ring)
                                e - +2 ring of intelligence

@: corroded equipment, bloodless, non-regenerating, not resistant to hostile
enchantments, quite stealthy
A: bottle blood, fangs 3, see invisible, unbreathing
a: Bat Form, Bottle Blood, Receive Corpses, Renounce Religion


You were on level 6 of the Dungeon.
You worshipped Kikubaaqudgha.
Kikubaaqudgha was aware of your devotion.
You were bloodless.

You visited 1 branch of the dungeon, and saw 6 of its levels.

You collected 285 gold pieces.

Inventory:

Hand weapons
 m - a +1 vampiric short sword (weapon)
Armour
 b - a +1 robe (worn)
Magical devices
 v - a wand of fireball (8)
Scrolls
 h - a scroll of recharging
 k - a scroll of fog {unknown}
 l - a scroll of remove curse
 n - a scroll of enchant armour {unknown}
 p - a scroll of amnesia
 q - a scroll of magic mapping {unknown}
 r - a scroll of teleportation {unknown}
 t - a scroll of blinking {unknown}
 x - a scroll of noise {unknown}
Jewellery
 e - a +2 ring of intelligence (left hand)
 u - the amulet "Bipeikh" (around neck) {Clar rElec}
   (You found it on level 5 of the Dungeon)

   [amulet of clarity]

   It provides mental clarity.
   It insulates you from electricity.
Potions
 a - a potion of magic
 d - a potion of haste
 f - a potion of restore abilities
 g - 2 potions of might {unknown}
 i - a potion of agility {unknown}
 j - 2 potions of cancellation {unknown}
 s - a potion of poison {unknown}
 w - a potion of berserk rage {unknown}
Books
 c - a book of Maledictions

   Spells                             Type                      Level
   *Corona                            Hexes                        1
   Sure Blade                         Hexes/Charms                 2
   *Ensorcelled Hibernation           Hexes/Ice                    2
   *Confuse                           Hexes                        3
   *Dazzling Spray                    Conjuration/Hexes            3
   Enslavement                        Hexes                        4
 o - Kikubaaqudgha's Catalogue of Necromancy {god gift}
   (Kikubaaqudgha gifted it to you on level 5 of the Dungeon)

   Spells                             Type                      Level
   Pain                               Necromancy                   1
   Corpse Rot                         Necromancy                   2
   Sublimation of Blood               Necromancy                   2
   Vampiric Draining                  Necromancy                   3
   Control Undead                     Necromancy                   4


   Skills:
 - Level 4.1 Short Blades
 - Level 2.1 Dodging
 + Level 8.5 Stealth
 - Level 2.0 Spellcasting
 * Level 10.7 Hexes
 + Level 4.0 Necromancy
 - Level 1.3 Ice Magic


You had 2 spell levels left.
You knew the following spells:

 Your Spells              Type           Power        Failure   Level  Hunger
a - Corona                Hex            #####..      1%          1    #......
c - Confuse               Hex            #####...     1%          3    ###....
d - Ensorcelled Hibernat  Hex/Ice        ####..       1%          2    ##.....
s - Dazzling Spray        Conj/Hex       ###.....     6%          3    ###....


Dungeon Overview and Level Annotations

Branches:
Dungeon (6/15)             Temple (0/1) D:6

Altars:
Elyvilon
Kikubaaqudgha
Makhleb
Qazlal


Innate Abilities, Weirdness & Mutations

You do not heal naturally.
You can bottle blood from corpses.
You have razor-sharp teeth.
You have supernaturally acute eyesight.
You can survive without breathing.


Message History

The jelly hits you.
You are splashed with acid!
The acid corrodes your equipment!
The acid burns!
Casting: Ensorcelled Hibernation
Confirm with . or Enter, or press ? or * to list all spells.
Aiming: Ensorcelled Hibernation
Press: ? - help, Shift-Dir - straight line, f/p - jelly
Aim: a jelly The jelly resists with significant effort.
The jelly misses you.
Casting: Ensorcelled Hibernation
Confirm with . or Enter, or press ? or * to list all spells.
Aiming: Ensorcelled Hibernation
Press: ? - help, Shift-Dir - straight line, f/p - jelly
Aim: a jelly The jelly resists with significant effort.
The jelly hits you.
* * * LOW HITPOINT WARNING * * *
You are splashed with acid!
The acid burns!
You die...
Kikubaaqudgha rasps: "You have failed me!
Welcome... oblivion!"

.##..[.# .....# .##....#
#....#. .##....# #.....#
.##....#########.....#
.##..................##.
........................
###....>...........8.8.8
#.................⌠.⌠..
#.............@..8Z>.8.
................J...⌠.⌠..
...................8.8.8
...##############.......
### ...#### ####


You could see a jelly and an adder skeleton.

Vanquished Creatures
  Grinder (D:3)
  A phantom (D:6)
  2 ice beasts (D:5)
  3 centaurs (D:5)
  An ogre (D:5)
  Sigmund (D:3)
  2 scorpions (D:5)
  2 orc priests
  2 worker ants
  An iguana (D:4)
  3 gnolls (D:3)
  5 adders
  A shadow imp (D:5)
  2 worms
  2 giant geckos (D:2)
  2 oozes
  8 orcs
  2 ball pythons
  5 giant cockroaches
  10 hobgoblins
  3 quokkas
  6 bats
  9 giant newts
  10 goblins
  A goblin skeleton (D:4)
  A hobgoblin skeleton (D:5)
  4 jackals (D:2)
  10 kobolds
  3 rats
  A rat skeleton (D:5)
  2 ballistomycetes (D:6)
106 creatures vanquished.

Vanquished Creatures (others)
  A human (D:2)
  A giant spore (D:6)
2 creatures vanquished.

Grand Total: 108 creatures vanquished

Notes
Turn   | Place    | Note
--------------------------------------------------------------
     0 | D:1      | PolkaDot, the Vampire Enchanter, began the quest for the Orb.
     0 | D:1      | Reached XP level 1. HP: 13/13 MP: 3/3
     6 | D:1      | Noticed a hog
     6 | D:1      | Noticed a crocodile
     6 | D:1      | Noticed a fire drake
     6 | D:1      | Noticed a black bear
     6 | D:1      | Noticed a salamander
   458 | D:1      | Reached XP level 2. HP: 19/19 MP: 4/4
   464 | D:1      | Learned a level 2 spell: Ensorcelled Hibernation
   740 | D:1      | Reached skill level 1 in Ice Magic
  1087 | D:2      | Reached XP level 3. HP: 10/24 MP: 6/6
  1189 | D:2      | Learned a level 3 spell: Confuse
  1392 | D:2      | Reached skill level 5 in Hexes
  1602 | D:2      | Found an ancient bone altar of Kikubaaqudgha.
  1638 | D:2      | Reached XP level 4. HP: 30/30 MP: 2/7
  1830 | D:2      | Noticed a human
  1831 | D:2      | Killed a human
  1836 | D:2      | Became a worshipper of Kikubaaqudgha
  1922 | D:3      | Found a burning altar of Makhleb.
  2050 | D:3      | Reached skill level 5 in Stealth
  2237 | D:3      | Noticed Grinder
  2269 | D:3      | Killed Grinder
  2269 | D:3      | Reached skill level 6 in Stealth
  2269 | D:3      | Reached skill level 7 in Hexes
  2269 | D:3      | Reached XP level 5. HP: 35/35 MP: 6/9
  2269 | D:3      | Reached XP level 6. HP: 41/41 MP: 6/10
  2357 | D:3      | Noticed Sigmund
  2360 | D:3      | Killed Sigmund
  2568 | D:3      | Learned a level 3 spell: Dazzling Spray
  2595 | D:3      | Reached skill level 1 in Necromancy
  3172 | D:4      | Reached skill level 8 in Hexes
  3309 | D:4      | Reached XP level 7. HP: 42/46 MP: 9/12
  3366 | D:4      | Found a stormy altar of Qazlal.
  3367 | D:4      | Noticed an air elemental
  3367 | D:4      | Noticed a fire elemental
  3367 | D:4      | Noticed a water elemental
  3504 | D:5      | Entered Level 5 of the Dungeon
  3813 | D:5      | Reached skill level 9 in Hexes
  3940 | D:5      | Acquired Kikubaaqudgha's first power
  3940 | D:5      | Received a gift from Kikubaaqudgha
  3941 | D:5      | Identified Kikubaaqudgha's Catalogue of Necromancy {god gift} (Kikubaaqudgha gifted it to you on level 5 of the Dungeon)
  4218 | D:5      | Reached skill level 10 in Hexes
  4218 | D:5      | Reached XP level 8. HP: 52/52 MP: 10/13
  4224 | D:5      | Found a white marble altar of Elyvilon.
  4348 | D:5      | Got a flickering ruby amulet
  4349 | D:5      | Identified the amulet "Bipeikh" {Clar rElec} (You found it on level 5 of the Dungeon)
  4613 | D:6      | Found a staircase to the Ecumenical Temple.
  4622 | D:6      | Splashed by a jelly's acid

Action                   |  1- 3 |  4- 6 |  7- 9 || total
-------------------------+-------+-------+-------++-------
Melee: Dagger            |    58 |    97 |       ||   155
       Short sword       |    24 |       |   104 ||   128
 Cast: Ensorcelled Hiber |    20 |    33 |    16 ||    69
       Confuse           |       |     1 |     5 ||     6
       Corona            |       |     1 |       ||     1
Evoke: Wand              |       |       |     1 ||     1
  Use: Scroll            |       |     3 |     3 ||     6
 Stab: Sleeping          |    23 |    28 |    18 ||    69
       Distracted        |     1 |       |       ||     1
       Confused          |       |     2 |     4 ||     6
